 Dungeon Crawl Stone Soup version 0.16-a0-4078-g0e80503 (webtiles) character file.

415 Fluffy the Shield-Bearer (level 6, -15/56 HPs)
             Began as a Minotaur Fighter on Feb 22, 2015.
             Demolished by Menkaure (16 damage)
             ... on level 4 of the Dungeon.
             The game lasted 00:05:34 (2188 turns).

Fluffy the Shield-Bearer (Minotaur Fighter)         Turns: 2188, Time: 00:05:34

Health: -15/56     AC: 12    Str: 25    XL:     6   Next: 60%
Magic:  3/3        EV:  6    Int:  5    God:
Gold:   151        SH: 10    Dex: 12    Spells: 0 memorised, 5 levels left

rFire  . . .     SeeInvis .     a - +0 long sword
rCold  . . .     Clarity  .     u - +0 chain mail
rNeg   . . .     SustAb   .     c - +0 shield
rPois  .         Gourm    .     (helmet restricted)
rElec  .         Spirit   .     p - +0 cloak
rCorr  .         Warding  .     (no gloves)
rMut   .         Stasis   .     q - +0 pair of boots
MR     .....                    (no amulet)
Stlth  ..........               (no ring)
                                (no ring)

@: mighty, not resistant to hostile enchantments, extremely unstealthy
A: retaliatory headbutt, horns 2
a: no special abilities


You were on level 4 of the Dungeon.
You were not hungry.

You visited 1 branch of the dungeon, and saw 4 of its levels.

You collected 151 gold pieces.

Inventory:

Hand weapons
 a - a +0 long sword (weapon)
Armour
 c - a +0 shield (worn)
 p - a +0 cloak (worn)
 q - a +0 pair of boots (worn)
 u - a +0 chain mail (worn)
Magical devices
 o - a wand of confusion (18)
Scrolls
 b - a scroll of immolation {unknown}
 h - 2 scrolls of fear {unknown}
 j - 2 scrolls of identify {unknown}
 l - 3 scrolls of remove curse {unknown}
 n - 3 scrolls of enchant armour {unknown}
 s - a scroll of noise {unknown}
 t - a scroll of enchant weapon {unknown}
 v - a scroll of recharging {unknown}
Potions
 f - 2 potions of restore abilities
 g - 3 potions of invisibility {unknown}
 k - a potion of resistance {unknown}
 r - a potion of magic {unknown}
Comestibles
 d - 3 bread rations
 i - 4 meat rations
 m - 3 fruits


   Skills:
 + Level 5.6 Fighting
 + Level 4.4 Long Blades
 + Level 5.2 Armour
 + Level 5.7 Shields


You had 5 spell levels left.
You didn't know any spells.

Dungeon Overview and Level Annotations

Branches:
Dungeon (4/15)
 Temple: D:4-7

Altars:
Okawaru
Sif Muna

Annotations:
D:4 Menkaure


Innate Abilities, Weirdness & Mutations

You reflexively headbutt those who attack you in melee.
You have a pair of horns on your head.


Message History

You closely miss the hobgoblin.
Menkaure calls on the powers of darkness!
The hobgoblin convulses!
Your body is wracked with pain!
The hobgoblin completely misses you.
Menkaure calls on the powers of darkness!
Your body is wracked with pain!
* * * LOW HITPOINT WARNING * * *
You slash the hobgoblin!
You kill the hobgoblin!
Menkaure casts a spell at you. Pain shoots through your body!
* * * LOW HITPOINT WARNING * * *
Drink which item? (? for menu, Esc to quit)
You feel very mighty all of a sudden.
Menkaure points at you and mumbles some strange words.
Pain shoots through your body!
* * * LOW HITPOINT WARNING * * *
Drink which item? (? for menu, Esc to quit)
It was a potion of restore abilities.
You feel refreshed. Menkaure hits you!
You die...

#.........## .##
########.## ..#
### #..# ...#
#.###..# ##>...#
##.##..#
#...[.## ##....#
#..#!...
#....#####....?#
##.....##.....#
#.#...@M....#
#.########...#
#.# ##...# #.
....# # .....#
...(.?# ......
#####


You could see Menkaure.

Vanquished Creatures
  An ogre (D:4)
  Sigmund (D:2)
  An orc priest (D:3)
  3 orc wizards (D:3)
  Jessica (D:2)
  4 adders
  4 worms
  An adder skeleton (D:4)
  6 orcs
  5 giant cockroaches
  13 goblins
  8 hobgoblins
  2 jackals (D:2)
  8 kobolds
  2 quokkas (D:2)
  5 bats
  2 giant geckos (D:1)
  6 giant newts
  3 rats
76 creatures vanquished.

Notes
Turn   | Place    | Note
--------------------------------------------------------------
     0 | D:1      | Fluffy, the Minotaur Fighter, began the quest for the Orb.
     0 | D:1      | Reached XP level 1. HP: 19/19 MP: 1/1
   137 | D:1      | Reached XP level 2. HP: 25/27 MP: 1/1
   338 | D:1      | Reached skill level 4 in Shields
   606 | D:2      | Reached XP level 3. HP: 25/33 MP: 2/2
   859 | D:2      | Noticed Jessica
   865 | D:2      | Killed Jessica
   958 | D:2      | Reached XP level 4. HP: 36/41 MP: 2/2
  1097 | D:2      | Noticed Sigmund
  1110 | D:2      | Killed Sigmund
  1110 | D:2      | Reached skill level 5 in Fighting
  1110 | D:2      | Reached XP level 5. HP: 33/48 MP: 2/2
  1117 | D:2      | Found a deep blue altar of Sif Muna.
  1280 | D:2      | Reached skill level 5 in Shields
  1317 | D:2      | Found an iron altar of Okawaru.
  1614 | D:3      | Reached XP level 6. HP: 42/56 MP: 3/3
  1794 | D:3      | Reached skill level 5 in Armour
  2178 | D:4      | Noticed Menkaure
  2187 | D:4      | HP: 1/56 [Menkaure/nerve-wracking pain (5)]
  2188 | D:4      | Demolished by Menkaure

Action                   |  1- 3 |  4- 6 || total
-------------------------+-------+-------++-------
Melee: Long sword        |    69 |   141 ||   210
  Use: Potion            |       |     2 ||     2
  Eat: Chunk             |       |     4 ||     4
